 Dungeon Crawl Stone Soup version 0.27-a0-46-g34d46f0a3f (webtiles) character file.

Game seed: 7318594711105274877

15 Borgoz the Cutter (level 2, -1/19 HPs)
             Began as a Halfling Gladiator on Jan 6, 2021.
             Slain by a hobgoblin
             ... wielding a +0 whip
              (3 damage)
             ... on level 1 of the Dungeon.
             The game lasted 00:00:34 (250 turns).

Borgoz the Cutter (Halfling Gladiator)               Turns: 250, Time: 00:00:34

Health: -1/19      AC:  6    Str: 15    XL:     2   Next: 65%
Magic:  2/2        EV: 14    Int:  6    God:
Gold:   0          SH:  0    Dex: 15    Spells: 1/1 levels left

rFire    + . .     SeeInvis .   a - +0 rapier
rCold    + . .     Faith    .   (shield restricted)
rNeg     . . .     Spirit   .   f - +0 ring mail
rPois    .         Reflect  .   c - +0 helmet
rElec    .         Harm     .   e - scarf {rC+ rF+}
rCorr    .         Rampage  .   (no gloves)
Will     .....                  (no boots)
Stlth    +.........             (no amulet)
HPRegen  0.06/turn              (no ring)
MPRegen  0.08/turn              (no ring)

@: hasted, very quick
A: small, mutation resistance 1
a: no special abilities


You were on level 1 of the Dungeon.
You visited 1 branch of the dungeon, and saw 1 of its levels.

Inventory:

Hand Weapons
 a - a +0 rapier (weapon)
Missiles
 d - 5 throwing nets (quivered)
Armour
 c - a +0 helmet (worn)
 e - a scarf of resistance (worn)
 f - a +0 ring mail (worn)
Scrolls
 b - a scroll of enchant armour {unknown}
 h - a scroll of teleportation {unknown}
 i - a scroll of identify {unknown}
Potions
 j - a potion of might {unknown}


   Skills:
 * Level 2.2 Fighting
 + Level 3.8 Short Blades
 - Level 2.0 Throwing
 + Level 0.7 Armour
 + Level 3.5 Dodging


You had one spell level left.
You didn't know any spells.
Your spell library was empty.

Dungeon Overview and Level Annotations

Branches:
Dungeon (1/15)

Altars:


Innate Abilities, Weirdness & Mutations

You are small and have problems with some larger weapons.
You are somewhat resistant to further mutation.


Message History

The ooze is almost dead.
The ooze hits you but does no damage. The hobgoblin barely misses you.
You puncture the ooze!
You kill the ooze!
The hobgoblin closely misses you.
You hit the hobgoblin.
The hobgoblin is moderately wounded.
The hobgoblin hits you but does no damage.
The hobgoblin barely misses you.
You hit the hobgoblin.
The hobgoblin is severely wounded.
The hobgoblin barely misses you. The hobgoblin hits you with a +0 club.
* * * LOW HITPOINT WARNING * * *
You hit the hobgoblin.
The hobgoblin is almost dead.
The hobgoblin barely misses you. The hobgoblin hits you with a +0 club.
* * * LOW HITPOINT WARNING * * *
It was a potion of haste.
You feel yourself speed up. The hobgoblin hits you with a +0 whip.
You die...

##+## ####...≈)..≈..##+# ....#
#.# #.≈...≈...≈.# ....# #.#
#.≈.≈.≈.≈.≈.≈..# ....# #.#
#..≈...≈...≈....
....#####+####.##.≈...≈...≈...≈..
...............##≈.≈.≈.≈.≈.≈.≈.≈.
............?..##.≈...≈...≈...≈.#
.........†.....###..≈...≈...≈....
####...........g@#
#..........##g# #..........+..#
#..........#### #..........#
#..#.......# #.###.#..### #.
.###.# . . .#


You could see 2 hobgoblins.

Vanquished Creatures
  An ooze (D:1)
  2 leopard geckos (D:1)
  A frilled lizard (D:1)
  4 goblins (D:1)
  A kobold (D:1)
  A rat (D:1)
10 creatures vanquished.

Notes
Turn   | Place    | Note
-------+----------+-------------------------------------------
     0 | D:1      | Borgoz the Halfling Gladiator began the quest for the Orb.
     0 | D:1      | Reached XP level 1. HP: 14/14 MP: 1/1
   214 | D:1      | Reached XP level 2. HP: 19/19 MP: 2/2
   250 | D:1      | Slain by a hobgoblin

Illustrated notes

Levels and vault maps discovered:
D:1:      wander_arrival_peaceful_grave, layout_basic, grunt_decor_arrowhead,
          kennysheep_doodads, minmay_pentomino_x4

Skill      XL: |  1 |
---------------+----+-----
Fighting       | 2 |  2.2
Short Blades   | |  3.8
Throwing       | |  2.0
Armour         | |  0.7
Dodging        | |  3.5

Action                   || total
-------------------------++-------
Melee: Rapier            ||    45
  Use: Potion            ||     1
Armor: Ring mail         ||    11
       Leather armour    ||     2
Dodge: Dodged            ||    40

Table legend: (Time is in decaauts)
 A = Elapsed time spent in this place.
 B = Non-inter-level travel time spent in this place.
 C = Inter-level travel time spent in this place.
 D = Time resting spent in this place.
 E = Time spent auto-exploring this place.
 F = Levels seen in this place.
 G = Mean time per level.
                   A        B        C        D        E       F      G
               +--------+--------+--------+--------+--------+-----+--------+
         Total |    250 |    250 |      0 |      0 |    124 |   1 |  250.0 |
       Dungeon |    250 |    250 |      0 |      0 |    124 |   1 |  250.0 |
               +--------+--------+--------+--------+--------+-----+--------+

Top non-repeatable levels by time:
     D:1: 250 daAuts
